[Event "Late-Titled-Tuesday-Blitz-October-17-2023"]
[Site "Chess.com"]
[Date "2023.10.17"]
[Round "5"]
[White "rdarruda"]
[Black "HanSchut"]
[Result "1/2-1/2"]
[WhiteElo "2465"]
[BlackElo "2315"]
[TimeControl "180+1"]
[EndTime "14:51:30 PDT"]
[Termination "Game drawn by agreement"]

1. Nf3 Nf6 2. d4 g6 3. Nc3 d5 4. Bg5 Bg7 5. Bxf6 Bxf6 6. e4 dxe4 7. Nxe4 Bg7 8. Bc4 O-O 9. O-O Nd7 10. Qe2 Nf6 11. Rfe1 c6 12. Rad1 Bg4 13. Ng3 e6 14. h3 Bxf3 15. Qxf3 Qb6 16. Bb3 Rad8 17. c3 Rd7 18.
Ne4 Nxe4 19. Qxe4 Rfd8 20. Qe2 c5 21. dxc5 Qxc5 22. Rxd7 Rxd7 23. Rd1 Rxd1+ 24. Qxd1 Qc7 25. h4 h5 1/2-1/2

[Event "Late-Titled-Tuesday-Blitz-October-17-2023"]
[Site "Chess.com"]
[Date "2023.10.17"]
[Round "5"]
[White "Msb2"]
[Black "Elsa167"]
[Result "1-0"]
[WhiteElo "3073"]
[BlackElo "2809"]
[TimeControl "180+1"]
[EndTime "14:51:46 PDT"]
[Termination "Msb2 won by resignation"]

1. d4 Nf6 2. c4 e6 3. Nc3 d5 4. cxd5 exd5 5. Bg5 Be7 6. e3 c6 7. Bd3 Nbd7 8. h3 Nf8 9. Nf3 Ne6 10. Bh4 g6 11. Rb1 Ng7 12. b4 a6 13. a4 Bf5 14. O-O Bxd3 15. Qxd3 O-O 16. b5 axb5 17. axb5 Nf5 18. Bxf6 Bxf6 19. bxc6 bxc6 20. Rfc1 Nd6 21.
Ne2 Qd7 22. Qc2 Rfc8 23. Rb3 Nc4 24. Nd2 Nd6 25. Nf4 Rc7 26. Nxd5 cxd5 27. Qxc7 Qe6 28. Rb8+ Rxb8 29. Qxb8+ Kg7 30. Rc6 Be7 31. Nf3 Qd7 32. Qc7 Qe8 33. Rxd6 Bxd6 34. Qxd6 1-0

[Event "Late-Titled-Tuesday-Blitz-October-17-2023"]
[Site "Chess.com"]
[Date "2023.10.17"]
[Round "5"]
[White "Aariow"]
[Black "LaPiToB"]
[Result "1-0"]
[WhiteElo "2463"]
[BlackElo "2302"]
[TimeControl "180+1"]
[EndTime "14:51:51 PDT"]
[Termination "Aariow won by resignation"]

1. d4 Nf6 2. c4 e6 3. Nc3 Bb4 4.
Qc2 O-O 5. e4 d5 6. e5 Ne4 7. Bd3 c5 8. Nf3 cxd4 9. Nxd4 Nc6 10. Nxc6 bxc6 11. O-O Bxc3 12. bxc3 Ba6 13. Bxe4 dxe4 14.
Qxe4 Qa5 15. Be3 Qa4 16. Rfd1 Rfd8 17. Bd4 c5 18. f4 cxd4 19. Rxd4 Rxd4 20. Qxa8+ 1-0

[Event "Late-Titled-Tuesday-Blitz-October-17-2023"]
[Site "Chess.com"]
[Date "2023.10.17"]
[Round "5"]
[White "Chessbard1972"]
[Black "CarlosjPineror"]
[Result "1-0"]
[WhiteElo "2342"]
[BlackElo "2479"]
[TimeControl "180+1"]
[EndTime "14:51:56 PDT"]
[Termination "Chessbard1972 won by resignation"]

1. d4 Nf6 2. c4 e6 3. Nc3 Bb4 4. Qc2 d5 5. a3 Bxc3+ 6. Qxc3 O-O 7. Bg5 h6 8. Bh4 g5 9. Bg3 Ne4 10. Qc2 f5 11. Be5 c6 12. f3 Nd6 13. e3 Nf7 14. Bg3 Qf6 15. h4 Nd7 16. Bd3 Qg7 17.
hxg5 hxg5 18. Ne2 Nf6 19. O-O-O Bd7 20. Kb1 a6 21. Be5 Nxe5 22. dxe5 Ne8 23. f4 g4 24. Rh5 Kf7 25. Rdh1 Qg6 26. Rg5 1-0

[Event "Late-Titled-Tuesday-Blitz-October-17-2023"]
[Site "Chess.com"]
[Date "2023.10.17"]
[Round "5"]
[White "FuenfgegenWilly"]
[Black "HajiyevKanan"]
[Result "0-1"]
[WhiteElo "2377"]
[BlackElo "2542"]
[TimeControl "180+1"]
[EndTime "14:52:01 PDT"]
[Termination "HajiyevKanan won by resignation"]

1. e4 c6 2. Nc3 d5 3. Qe2 a6 4. d3 Nf6 5. g3 Qa5 6. e5 d4 7. Bd2 dxc3 8. Bxc3 Qd5 9. exf6 Qxh1 10. fxg7 Bxg7 11. Bxg7 Rg8 12. Bf6 Be6 13. Bh4 Qxg1 14.
O-O-O Qxh2 15. Qe5 Qxf2 16. Bh3 Nd7 17. Qe4 Nf6 18.
Bxf6 Qxf6 19. Rf1 Qh6+ 20. Kb1 0-1

[Event "Late-Titled-Tuesday-Blitz-October-17-2023"]
[Site "Chess.com"]
[Date "2023.10.17"]
[Round "5"]
[White "AlexNovitz"]
[Black "Noki102"]
[Result "0-1"]
[WhiteElo "2218"]
[BlackElo "2446"]
[TimeControl "180+1"]
[EndTime "14:52:04 PDT"]
[Termination "Noki102 won by resignation"]

1. e4 e5 2. Nf3 Nc6 3. Bb5 a6 4. Ba4 g6 5. O-O Bg7 6. d3 d6 7. Bg5 Ne7 8. h3 O-O 9. Qd2 b5 10. Bb3 a5 11. a4 b4 12. Bh6 d5 13. exd5 Nxd5 14. Bxg7 Kxg7 15. Re1 Re8 16. Qe3 Nxe3 17. Rxe3 Nd4 18. Nxd4 exd4 19. Rxe8 Qxe8 20. Nd2 Be6 21. Re1 Ra6 22. Bc4 Rd6 23. b3 Qd7 24. Re5 Bxc4 25. Nxc4 Rd5 26. Re4 c5 27. Nb6 Qc6 28. Nxd5 Qxd5 29.
f3 f5 30. Re2 Kf6 31. Kf2 Qd6 32.
g3 f4 33. g4 Kf7 34. Kg2 Qf6 35. Kh2 Qh4 36. Rg2 Qe1 37. Rg1 Qf2+ 38. Rg2 Qxf3 39. h4 Qe3 40. h5 f3 41. Rg3 Qe2+ 42. Kh3 f2 43. hxg6+ Kxg6 44. Kh4 f1=Q 0-1

[Event "Late-Titled-Tuesday-Blitz-October-17-2023"]
[Site "Chess.com"]
[Date "2023.10.17"]
[Round "5"]
[White "NotFischer"]
[Black "Freeeeeeeeeeeeeeeeee"]
[Result "1-0"]
[WhiteElo "2257"]
[BlackElo "1970"]
[TimeControl "180+1"]
[EndTime "14:52:25 PDT"]
[Termination "NotFischer won by resignation"]

1. e4 e5 2. f4 d5 3. exd5 exf4 4. Nf3 g5 5. d4 Bg7 6. Nc3 g4 7. Bxf4 gxf3 8. Qxf3 Nf6 9. Bc4 O-O 10. O-O c6 11. Bg5 Nbd7 12. dxc6 bxc6 13. Qxc6 Rb8 14. Nd5 Rb6 15. Nxb6 axb6 16. Rf2 h6 17. Bh4 Qe8 18. Bxf6 Nxf6 19. Rxf6 Bxf6 20. Qxf6 Qe3+ 21. Qf2 1-0

[Event "Late-Titled-Tuesday-Blitz-October-17-2023"]
[Site "Chess.com"]
[Date "2023.10.17"]
[Round "5"]
[White "Yushko_Olga"]
[Black "Levanzovsky"]
[Result "0-1"]
[WhiteElo "2165"]
[BlackElo "2424"]
[TimeControl "180+1"]
[EndTime "14:52:44 PDT"]
[Termination "Levanzovsky won by resignation"]

1. d4 Nf6 2. c4 e6 3. Nc3 d5 4. cxd5 exd5 5. Nf3 Nbd7 6. Bg5 Be7 7. e3 O-O 8. Bd3 c6 9. O-O Re8 10. Rc1 Nf8 11.
h3 Ne4 12. Bf4 Ng6 13. Bh2 f5 14. Ne5 Bd6 15. f3 Nf6 16. f4 Ne4 17. Qh5 Bxe5 18.
fxe5 Be6 19. g4 Nxc3 20. gxf5 Ne4 21. fxg6 hxg6 22. Qxg6 Qg5+ 23. Qxg5 Nxg5 24. h4 Ne4 25. Bxe4 dxe4 26. Rf4 Bxa2 27. Rxe4 Bd5 28. Rf4 a5 29. e4 Be6 30. Kg2 Red8 31. Bg1 a4 32. Rc3 Ra5 33. Rd3 Rxe5 34. Rff3 Rxe4 35. Kg3 Rg4+ 36.
Kf2 Bd5 37. Rf5 Be4 0-1

[Event "Late-Titled-Tuesday-Blitz-October-17-2023"]
[Site "Chess.com"]
[Date "2023.10.17"]
[Round "5"]
[White "tylityli"]
[Black "OLDTERMINATOR"]
[Result "1-0"]
[WhiteElo "2346"]
[BlackElo "1648"]
[TimeControl "180+1"]
[EndTime "14:52:44 PDT"]
[Termination "tylityli won by resignation"]

1. d4 Nf6 2. c4 e5 3. dxe5 Ng4 4.
Bf4 g5 5. Bg3 Bg7 6. Nf3 Nc6 7. h4 h6 8. hxg5 hxg5 9. Rxh8+ Bxh8 10. Qd5 d6 11. Nc3 Ngxe5 12. Nxe5 Nxe5 13. O-O-O Be6 14. Qxb7 Rb8 15. Qa6 Bxc4 16. Qa4+ Kf8 17. Bxe5 Bxe5 18. Qxc4 Qf6 19. Qxc7 Rxb2 20. Kxb2 Bxc3+ 21. Qxc3 Qxc3+ 22. Kxc3 1-0

[Event "Late-Titled-Tuesday-Blitz-October-17-2023"]
[Site "Chess.com"]
[Date "2023.10.17"]
[Round "5"]
[White "DawidCzerw"]
[Black "marik_spb"]
[Result "0-1"]
[WhiteElo "2545"]
[BlackElo "2427"]
[TimeControl "180+1"]
[EndTime "14:52:47 PDT"]
[Termination "marik_spb won by checkmate"]

1. e4 c6 2. Nc3 d5 3. Qf3 dxe4 4. Nxe4 Nf6 5. Bc4 g6 6. Ne2 Bg7 7. d4 O-O 8. Bg5 Nxe4 9. Qxe4 Bf5 10. Qxe7 Qxe7 11.
Bxe7 Re8 12. Bg5 Bxc2 13. Kd2 Bf5 14. Rhe1 Nd7 15. Be3 Rad8 16. Ng3 Nb6 17. Bb3 Bxd4 18. Bxd4 Rxd4+ 19. Kc3 Rd3+ 20. Kb4 Red8 21. Nxf5 gxf5 22.
a4 R8d4+ 23. Ka3 Rxa4# 0-1

[Event "Late-Titled-Tuesday-Blitz-October-17-2023"]
[Site "Chess.com"]
[Date "2023.10.17"]
[Round "5"]
[White "Gyulamiryan-koryun"]
[Black "Estrategia_vs_Tactica"]
[Result "0-1"]
[WhiteElo "1953"]
[BlackElo "2243"]
[TimeControl "180+1"]
[EndTime "14:52:53 PDT"]
[Termination "Estrategia_vs_Tactica won on time"]

1. e4 d6 2. d4 Nf6 3. Bd3 e5 4. d5 g6 5. Ne2 Bg7 6. O-O O-O 7. c3 a5 8. f4 exf4 9. Bxf4 Nbd7 10. Nd4 Nc5 11.
Bg5 h6 12. Bh4 g5 13. Bg3 Nfxe4 14. Be1 f5 15. Bc2 Bd7 16. Nd2 Qe7 17. N2b3 Nxb3 18. Bxb3 a4 19. Bc4 Kh8 20. Qh5 Nf6 21. Qh3 f4 22.
Qd3 Ng4 23. Bd2 b5 24. Rae1 bxc4 25. Rxe7 cxd3 26. Rxd7 Ne3 0-1

[Event "Late-Titled-Tuesday-Blitz-October-17-2023"]
[Site "Chess.com"]
[Date "2023.10.17"]
[Round "5"]
[White "stasOR4ik"]
[Black "Tomytoteph"]
[Result "0-1"]
[WhiteElo "2442"]
[BlackElo "2578"]
[TimeControl "180+1"]
[EndTime "14:52:54 PDT"]
[Termination "Tomytoteph won by resignation"]

1. e4 c5 2. c3 g6 3. d4 cxd4 4.
cxd4 d5 5. e5 Bg7 6. f4 Nc6 7.
Nf3 Bg4 8. Be2 e6 9. Nc3 Nge7 10. O-O O-O 11. Be3 Rc8 12. Rc1 Nf5 13. Bf2 Qb6 14. Na4 Qa5 15. a3 Bh6 16. b4 Qd8 17. g3 Bxf3 18.
Bxf3 Ncxd4 19. Rxc8 Nxf3+ 20. Qxf3 Qxc8 21. Bc5 Re8 22. g4 Ne7 23. f5 exf5 24. Bxe7 Rxe7 25. gxf5 Qc4 26. fxg6 hxg6 27. Nc5 Qd4+ 28. Kh1 Qxe5 29. Qh3 Bf8 30. Nd7 Qe4+ 31. Kg1 Bg7 32. Nf6+ Bxf6 33.
Rxf6 Qd4+ 34. Kf1 Qxf6+ 0-1

[Event "Late-Titled-Tuesday-Blitz-October-17-2023"]
[Site "Chess.com"]
[Date "2023.10.17"]
[Round "5"]
[White "GMKrikor"]
[Black "Nekoo04"]
[Result "1-0"]
[WhiteElo "2825"]
[BlackElo "2272"]
[TimeControl "180+1"]
[EndTime "14:53:03 PDT"]
[Termination "GMKrikor won on time"]

1. Nf3 d5 2. c4 e6 3. d4 Nf6 4. cxd5 exd5 5. Nc3 c6 6. Bf4 Bd6 7. Bxd6 Qxd6 8. e3 Bf5 9. Nh4 Be4 10. f3 Bg6 11. e4 dxe4 12. Nxg6 hxg6 13. fxe4 Nbd7 14. Qd2 O-O-O 15. O-O-O Ng4 16. h3 Qg3 17. Re1 Nf2 18.
Re3 Qg5 19. Rg1 Rxh3 20. Rf3 Qxd2+ 21. Kxd2 Rxf3 22. gxf3 1-0

[Event "Late-Titled-Tuesday-Blitz-October-17-2023"]
[Site "Chess.com"]
[Date "2023.10.17"]
[Round "5"]
[White "Misticpikachu"]
[Black "luizzy"]
[Result "0-1"]
[WhiteElo "2412"]
[BlackElo "2570"]
[TimeControl "180+1"]
[EndTime "14:53:06 PDT"]
[Termination "luizzy won by resignation"]

1. c4 e6 2. Nf3 Nf6 3. Nc3 d5 4. e3 c6 5. b3 Nbd7 6. Bb2 Bd6 7. Qc2 a6 8. Rg1 b5 9. g4 bxc4 10. bxc4 Rb8 11. g5 Ne4 12. Nxe4 dxe4 13. Bxg7 Rg8 14.
Qxe4 Rxg7 15. Qd4 Bf8 16. h4 Rg8 17. Qe4 Bg7 18. Qxh7 Kf8 19. Rb1 Qc7 20. Be2 c5 21. h5 Rh8 22. Qe4 Rxh5 23. Ne5 Qxe5 24. Rxb8 Qxe4 25. Rxc8+ Ke7 26. Bxh5 Ne5 27. Be2 Qb1+ 28. Bd1 Nf3+ 0-1

[Event "Late-Titled-Tuesday-Blitz-October-17-2023"]
[Site "Chess.com"]
[Date "2023.10.17"]
[Round "5"]
[White "Haykoooo0o"]
[Black "ellatambien"]
[Result "1-0"]
[WhiteElo "2466"]
[BlackElo "2600"]
[TimeControl "180+1"]
[EndTime "14:53:15 PDT"]
[Termination "Haykoooo0o won by resignation"]

1. d4 Nf6 2. Nf3 d5 3. e3 c5 4. Bd3 g6 5. c3 Bg7 6. Nbd2 O-O 7. O-O Qc7 8. dxc5 Qxc5 9. e4 dxe4 10. Nxe4 Nxe4 11. Bxe4 Nc6 12. Be3 Qa5 13. Qd5 Qc7 14. Rad1 Be6 15. Qb5 Rfd8 16. a3 Rxd1 17. Rxd1 a6 18. Qe2 Rd8 19. Bxc6 Rxd1+ 20. Qxd1 bxc6 21. Bd4 f6 22. Qe2 Qc8 23. Nd2 Kf7 24. Ne4 Bd5 25. Nc5 e5 26. Be3 a5 27. c4 Be6 28. Nxe6 Qxe6 29. b4 axb4 30. axb4 f5 31. f3 e4 32. Bf2 Bc3 33. b5 cxb5 34. cxb5 Qb3 35. fxe4 Qb1+ 36.
Qf1 Qxe4 37. b6 Be5 38. Qd1 Qc6 39. Qb1 Qb7 40. Qb3+ Kf6 41. Qg8 Qd7 42. Bh4+ 1-0

[Event "Late-Titled-Tuesday-Blitz-October-17-2023"]
[Site "Chess.com"]
[Date "2023.10.17"]
[Round "5"]
[White "giomar27"]
[Black "stregachess"]
[Result "1-0"]
[WhiteElo "2352"]
[BlackElo "2075"]
[TimeControl "180+1"]
[EndTime "14:53:15 PDT"]
[Termination "giomar27 won on time"]

1. e4 c5 2. Nc3 d6 3. d4 cxd4 4. Qxd4 Nc6 5. Qd2 Nf6 6. b3 g6 7.
Bb2 Bg7 8. O-O-O O-O 9. f4 Bg4 10. Be2 Bxe2 11. Ngxe2 Rc8 12. Kb1 a6 13. h3 b5 14. Ng3 Nb4 15. a3 Nc6 16. Nd5 Nxd5 17. Bxg7 Kxg7 18. exd5 Nb8 19. f5 Nd7 20. h4 Qc7 21. h5 Qc3 22. hxg6 Qxd2 23. Rxh7+ Kf6 24. Rxd2 fxg6 25. fxg6 Kxg6 26. Rxe7 Rf6 27. Ne4 Rf1+ 28. Kb2 b4 29. axb4 Ne5 30. Nxd6 1-0

[Event "Late-Titled-Tuesday-Blitz-October-17-2023"]
[Site "Chess.com"]
[Date "2023.10.17"]
[Round "5"]
[White "Mikasinski"]
[Black "Arash_Tahbaz"]
[Result "0-1"]
[WhiteElo "2689"]
[BlackElo "2902"]
[TimeControl "180+1"]
[EndTime "14:53:17 PDT"]
[Termination "Arash_Tahbaz won by resignation"]

1. e4 a6 2. d4 g6 3. Nc3 d6 4. Be3 Bg7 5. Qd2 Nd7 6. Bd3 b5 7. a4 b4 8. Nce2 c5 9. c3 bxc3 10. bxc3 Ngf6 11. Bh6 O-O 12. Bxg7 Kxg7 13. Nf3 Qa5 14.
e5 Nd5 15. Be4 cxd4 16. exd6 N7f6 17. dxe7 Re8 18. Bxd5 dxc3 19. Qxc3 Qxd5 20. O-O Rxe7 21. Nf4 Qf5 22. Nd3 Bb7 23. Nd4 Qd5 24. f3 Rd8 25. Rab1 Qxd4+ 26. Qxd4 Rxd4 27. Nc5 Bc6 28. Rb6 Bxa4 29.
Nxa6 Nd5 30. Rd6 Bb5 31. Ra1 Bxa6 32. Raxa6 Re2 33. Ra1 Rdd2 0-1

[Event "Late-Titled-Tuesday-Blitz-October-17-2023"]
[Site "Chess.com"]
[Date "2023.10.17"]
[Round "5"]
[White "Heinza9"]
[Black "arminmusovic"]
[Result "0-1"]
[WhiteElo "2312"]
[BlackElo "2480"]
[TimeControl "180+1"]
[EndTime "14:53:24 PDT"]
[Termination "arminmusovic won by resignation"]

1. e4 c6 2. d4 d5 3. exd5 cxd5 4. c4 Nc6 5. Nc3 Nf6 6. Bg5 e6 7. Nf3 Be7 8. c5 O-O 9. Bb5 Bd7 10. Bxc6 Bxc6 11.
Ne5 Nd7 12. Bxe7 Qxe7 13. Nxc6 bxc6 14. O-O Rab8 15. Qd2 e5 16. Rae1 e4 17. f3 f5 18.
fxe4 fxe4 19. Rxf8+ Rxf8 20. b4 Rb8 21. b5 Qe6 22.
bxc6 Qxc6 23. Qg5 Nf6 24. Rf1 Kh8 25. Qe5 Re8 26. Qg5 h6 27. Qg6 Rd8 28. Ne2 Qe6 29. Nf4 Qg4 30. Qxg4 Nxg4 31. Ne6 Rc8 32. h3 Ne3 33. Rf7 Nc2 34. Rxa7 e3 35. Kf1 Re8 36. c6 Rxe6 0-1

[Event "Late-Titled-Tuesday-Blitz-October-17-2023"]
[Site "Chess.com"]
[Date "2023.10.17"]
[Round "5"]
[White "morte-negra"]
[Black "gunslinger222"]
[Result "0-1"]
[WhiteElo "1969"]
[BlackElo "2351"]
[TimeControl "180+1"]
[EndTime "14:53:28 PDT"]
[Termination "gunslinger222 won by resignation"]

1. e4 d5 2. exd5 Qxd5 3. Nc3 Qa5 4. d4 Nf6 5. Bc4 Bf5 6. Bd2 Qb6 7. Qe2 e6 8. O-O-O Nc6 9. Nf3 Nb4 10. Bb3 Be7 11. Nh4 Bg4 12. f3 Bh5 13. g4 Bg6 14. a3 Nc6 15. d5 Nd4 16. Ba4+ Kf8 17. Nxg6+ hxg6 18. Qe3 Rh3 19. dxe6 Rxf3 20. Qg1 Rxc3 21. Bxc3 Ne2+ 0-1

[Event "Late-Titled-Tuesday-Blitz-October-17-2023"]
[Site "Chess.com"]
[Date "2023.10.17"]
[Round "5"]
[White "WPWPWP-2015"]
[Black "Flaccidmoves"]
[Result "1-0"]
[WhiteElo "2572"]
[BlackElo "2415"]
[TimeControl "180+1"]
[EndTime "14:53:29 PDT"]
[Termination "WPWPWP-2015 won by resignation"]

1. e4 e6 2. d4 d5 3. Nc3 Bb4 4. e5 c5 5. a3 Bxc3+ 6. bxc3 Ne7 7. Qg4 Qc7 8. Qxg7 Rg8 9. Qxh7 cxd4 10. Ne2 dxc3 11.
f4 Bd7 12. Ng3 Nbc6 13. Nh5 O-O-O 14. Nf6 Rh8 15. Qxf7 Nd4 16. Bd3 Nef5 17. Rb1 Ng3 18. Rg1 Rxh2 19. Nxd7 Rxd7 20. Qg8+ Rd8 21. Qxg3 Rdh8 22.
Be3 Nf5 23. Bxf5 exf5 24. Qg6 Rh1 25. Qe6+ Kb8 26. Qd6 Qxd6 27. exd6 R1h6 28. Bd4 Kc8 1-0

[Event "Late-Titled-Tuesday-Blitz-October-17-2023"]
[Site "Chess.com"]
[Date "2023.10.17"]
[Round "5"]
[White "ElenGajger"]
[Black "NigelDwarf"]
[Result "0-1"]
[WhiteElo "2371"]
[BlackElo "2555"]
[TimeControl "180+1"]
[EndTime "14:53:33 PDT"]
[Termination "NigelDwarf won by resignation"]

1. e4 c5 2. Nc3 a6 3. g3 b5 4. Bg2 Bb7 5. Nge2 e6 6. d4 cxd4 7.
Nxd4 Nf6 8. Qd3 Nc6 9. Nxc6 Bxc6 10. Bg5 Bc5 11. O-O Qb6 12. Bxf6 gxf6 13. Rae1 O-O-O 14. a3 h5 15. h4 Rhg8 16. b4 Bd4 17. Ne2 Be5 18. Kh1 Rg4 19. c4 bxc4 20. Qxc4 f5 21.
f4 Bc7 22. exf5 Bxg2+ 23. Kxg2 e5 24. fxe5 Rxc4 0-1

[Event "Late-Titled-Tuesday-Blitz-October-17-2023"]
[Site "Chess.com"]
[Date "2023.10.17"]
[Round "5"]
[White "kiwibobo"]
[Black "as9killer2"]
[Result "1-0"]
[WhiteElo "2315"]
[BlackElo "2501"]
[TimeControl "180+1"]
[EndTime "14:53:33 PDT"]
[Termination "kiwibobo won by checkmate"]

1. e4 c5 2. Nf3 Nc6 3. d4 cxd4 4. Nxd4 e5 5. Nb5 d6 6. c4 g6 7. N1c3 a6 8. Na3 Be6 9. Be2 Bg7 10. O-O Nf6 11. Nc2 O-O 12. Be3 Rc8 13. f3 Na5 14. b3 b5 15. Nd5 bxc4 16. Bb6 cxb3 17. Bxd8 bxc2 18. Qd2 Bxd5 19. Bxf6 Bxf6 20. Qxd5 Bg5 21.
Qxa5 c1=Q 22. Raxc1 Bxc1 23. Qxa6 Be3+ 24. Kh1 Rc2 25. Qd3 Rxa2 26. Qxe3 Rc8 27. h3 Rcc2 28. Re1 h5 29. Bf1 Rd2 30. Rc1 Kg7 31. Bc4 Rab2 32. Qg5 Rbc2 33. Rxc2 Rxc2 34. Bd5 Rc7 35. h4 Rd7 36.
Qe3 Rc7 37. Qb6 Rd7 38. Qc6 Rd8 39. Qc7 Re8 40. Qxf7+ Kh6 41. Qxe8 g5 42. hxg5+ Kxg5 43. Qf7 Kh4 44. Qf6+ Kg3 45. Qg5+ Kf2 46. Qd2+ Kg3 47.
Kg1 h4 48. Qg5# 1-0

[Event "Late-Titled-Tuesday-Blitz-October-17-2023"]
[Site "Chess.com"]
[Date "2023.10.17"]
[Round "5"]
[White "venturov"]
[Black "johnmez"]
[Result "1-0"]
[WhiteElo "2453"]
[BlackElo "2302"]
[TimeControl "180+1"]
[EndTime "14:53:35 PDT"]
[Termination "venturov won by resignation"]

1. e4 e6 2. Nf3 d5 3. e5 c5 4.
b4 c4 5. d4 Bxb4+ 6. c3 Bf8 7.
Ba3 Bxa3 8. Nxa3 Qa5 9. Qc1 Ne7 10. Rb1 O-O 11. Nb5 Nbc6 12. Nd6 Nf5 13. Qd2 Nxd6 14. exd6 Rd8 15. Be2 Rxd6 16. O-O Rd8 17. Bd1 Qc7 18. Bc2 f6 19. Rfe1 Qf7 20. Qf4 Rb8 21. Bxh7+ Kf8 22.
Qg3 b5 23. Bg6 Qg8 24. Qc7 Bd7 25. Qd6+ Ne7 26. Nh4 Be8 27. Qa3 Bf7 28. Nf5 Rb7 29. Rxb5 Bxg6 30. Rxb7 1-0

[Event "Late-Titled-Tuesday-Blitz-October-17-2023"]
[Site "Chess.com"]
[Date "2023.10.17"]
[Round "5"]
[White "jamengrand"]
[Black "Defend1r"]
[Result "0-1"]
[WhiteElo "2334"]
[BlackElo "2496"]
[TimeControl "180+1"]
[EndTime "14:53:37 PDT"]
[Termination "Defend1r won by resignation"]

1. e4 c5 2. Be2 Nc6 3. f4 d5 4. d3 dxe4 5. dxe4 Qxd1+ 6. Bxd1 e5 7. Nc3 Nf6 8. Nd5 Bd6 9. Nxf6+ gxf6 10. f5 b6 11. c3 Bb7 12. Bb3 Na5 13. Bd5 Bxd5 14. exd5 c4 15. Be3 h5 16. Nh3 Ke7 17. Nf2 Rhg8 18.
g3 Nb7 19. Ne4 Rac8 20. O-O-O Bb8 21. Rhg1 Nd6 22. Nxd6 Bxd6 23. h4 Rg4 24. Rde1 Bc5 25. Kd2 Kd6 26. Rd1 Re4 27. Bxc5+ Rxc5 28. Kc2 Rxd5 29. Rxd5+ Kxd5 30. Rd1+ Kc6 31. Rd2 Re3 32.
Rg2 Rf3 33. g4 hxg4 34. Rxg4 b5 35. h5 Rh3 36. Rg7 Rxh5 37. Rxf7 Rxf5 38. Rxa7 Rf2+ 39. Kc1 f5 40. a4 bxa4 41. Rxa4 Kd5 42. Ra5+ Ke4 43. Rc5 Kd3 44. Rd5+ Ke4 45. Rc5 f4 46.
Rxc4+ Kd3 0-1

[Event "Late-Titled-Tuesday-Blitz-October-17-2023"]
[Site "Chess.com"]
[Date "2023.10.17"]
[Round "5"]
[White "zverr1"]
[Black "Miguelitro69"]
[Result "1-0"]
[WhiteElo "2519"]
[BlackElo "2312"]
[TimeControl "180+1"]
[EndTime "14:53:38 PDT"]
[Termination "zverr1 won by resignation"]

1. e4 c5 2. Nf3 Nc6 3. d4 cxd4 4. Nxd4 g6 5. c4 Bg7 6. Be3 Nf6 7. Nc3 Ng4 8. Qxg4 Nxd4 9. Qd1 Ne6 10. Be2 O-O 11. O-O d6 12. Rc1 Bd7 13. b3 Bc6 14. f4 a5 15. Bf3 Nc5 16. e5 Qc7 17. exd6 exd6 18. Bd4 Bxf3 19. Rxf3 Bxd4+ 20. Qxd4 Ne6 21. Qd2 Qc5+ 22. Kh1 Nd4 23. Rd3 Nf5 24. Ne4 Qb4 25. Nf6+ Kh8 26. Qb2 Ng7 27. Rd5 Rfd8 28. Rb5 1-0

[Event "Late-Titled-Tuesday-Blitz-October-17-2023"]
[Site "Chess.com"]
[Date "2023.10.17"]
[Round "5"]
[White "AradNazari"]
[Black "DarkAlekhine"]
[Result "1-0"]
[WhiteElo "2902"]
[BlackElo "2688"]
[TimeControl "180+1"]
[EndTime "14:53:41 PDT"]
[Termination "AradNazari won by resignation"]

1. e4 Nf6 2. e5 Nd5 3. d4 d6 4.
c4 Nb6 5. f4 Bf5 6. Nc3 e6 7.
Be3 dxe5 8. fxe5 Nc6 9. Be2 Bb4 10. Nf3 O-O 11. O-O Na5 12. c5 Bxc3 13. bxc3 Nbc4 14. Bf2 b6 15. Qa4 Qd5 16. Rfe1 a6 17. Nh4 b5 18. Nxf5 bxa4 19. Ne7+ Kh8 20. Nxd5 exd5 21. Rab1 Rab8 22. Rb4 a3 23. Reb1 Nc6 24. Rxb8 Rxb8 25. Rxb8+ Nxb8 26. Bxc4 dxc4 27. d5 Nd7 28. Bd4 Kg8 29. c6 Nb8 30.
Bc5 a5 31. d6 1-0

[Event "Late-Titled-Tuesday-Blitz-October-17-2023"]
[Site "Chess.com"]
[Date "2023.10.17"]
[Round "5"]
[White "German_Bazeev"]
[Black "biostatistician"]
[Result "1-0"]
[WhiteElo "2801"]
[BlackElo "2587"]
[TimeControl "180+1"]
[EndTime "14:53:44 PDT"]
[Termination "German_Bazeev won by checkmate"]

1. d4 Nf6 2. Nf3 g6 3. c4 Bg7 4. Nc3 O-O 5. Bg5 b6 6. Qd2 Bb7 7. Bh6 Ne4 8. Nxe4 Bxe4 9. h4 Bxf3 10. gxf3 e6 11. Bg5 f6 12. Bf4 Nc6 13. h5 g5 14. h6 Bh8 15. Bh2 f5 16. Rg1 Bxd4 17.
Rxg5+ Kf7 18. f4 Bf6 19. O-O-O d6 20. Bg2 Qd7 21. e4 Bxg5 22. fxg5 Kg8 23. e5 Rad8 24. g6 hxg6 25. Qg5 Kh7 26. Bxc6 Qxc6 27. Qe7+ Kxh6 28. Bf4+ Kh5 29. Qg5# 1-0

[Event "Late-Titled-Tuesday-Blitz-October-17-2023"]
[Site "Chess.com"]
[Date "2023.10.17"]
[Round "5"]
[White "Necromon"]
[Black "campochess"]
[Result "1-0"]
[WhiteElo "2506"]
[BlackElo "2196"]
[TimeControl "180+1"]
[EndTime "14:53:45 PDT"]
[Termination "Necromon won by resignation"]

1. Nf3 c5 2. g3 Nc6 3. Bg2 g6 4. d4 cxd4 5. Nxd4 Bg7 6. Nb3 d6 7. O-O Nf6 8. c4 O-O 9. Nc3 a6 10. Bg5 h6 11. Bf4 Ng4 12. Rc1 Nge5 13. Nd5 Be6 14.
Qd2 Kh7 15. Be3 Nd7 16. Nd4 Nxd4 17. Bxd4 f6 18. b3 Bf7 19. Bb2 Rc8 20. Rfd1 Nc5 21. e4 Ne6 22. f4 Nc5 23. e5 dxe5 24. fxe5 Bxd5 25. Qxd5 Qxd5 26. Rxd5 fxe5 27. Re1 b6 28. Bxe5 Bf6 29. b4 Na4 30. Bxf6 exf6 31. Re7+ Kg8 32. Rdd7 1-0

[Event "Late-Titled-Tuesday-Blitz-October-17-2023"]
[Site "Chess.com"]
[Date "2023.10.17"]
[Round "5"]
[White "Smiechu"]
[Black "drdaro"]
[Result "1-0"]
[WhiteElo "2513"]
[BlackElo "2259"]
[TimeControl "180+1"]
[EndTime "14:53:46 PDT"]
[Termination "Smiechu won on time"]

1. e4 Nc6 2. Nf3 d6 3. d4 g6 4.
Nc3 Bg7 5. Bf4 Nxd4 6. Nxd4 e5 7.
Be3 exd4 8. Bxd4 Nf6 9. Qd2 O-O 10. h4 Re8 11. f3 d5 12. h5 dxe4 13. O-O-O exf3 14. hxg6 fxg6 15. gxf3 Be6 16. Qh2 h5 17. Qg3 Bf7 18.
Rg1 Qd6 19. f4 c5 20. Bc4 cxd4 21. Bxf7+ Kf8 22. Qxg6 1-0

[Event "Late-Titled-Tuesday-Blitz-October-17-2023"]
[Site "Chess.com"]
[Date "2023.10.17"]
[Round "5"]
[White "Nor1lsk"]
[Black "RichardShtivelband"]
[Result "1-0"]
[WhiteElo "2714"]
[BlackElo "2187"]
[TimeControl "180+1"]
[EndTime "14:53:49 PDT"]
[Termination "Nor1lsk won by resignation"]

1. e4 c6 2. d4 d5 3. f3 Nf6 4.
e5 Nfd7 5. f4 e6 6. Nf3 c5 7. c3 Nc6 8. Be3 Qb6 9. Qd2 a5 10.
Bd3 cxd4 11. cxd4 a4 12. O-O a3 13. b3 Bb4 14. Qf2 f5 15. Rc1 Qa5 16. Bd2 O-O 17.
Bxb4 Nxb4 18. Bf1 h6 19. Nc3 Nb8 20. Nb5 N8c6 21. Nd6 b6 22. Rc3 Ba6 23. Rac1 Bxf1 24. Kxf1 Qa6+ 25. Kg1 Nd3 26. Rxd3 Qxd3 27. Rxc6 Qb1+ 28.
Ne1 Rab8 29. Kf1 b5 30. Qd2 b4 31. Rc1 Qb2 32. Qxb2 axb2 33. Rb1 Ra8 34. Rxb2 Ra3 35.
Nd3 Ra5 36. Nxb4 Rb8 37. Nc6 1-0